 Dungeon Crawl Stone Soup version 0.31-a0-1321-g5021b54 (webtiles) character file.

Game seed: 6446889619890938284

86 Meow the Conjurer (level 4, -11/36 HPs)
             Began as a Naga Conjurer on Dec 20, 2023.
             Mangled by a gnoll sergeant
             ... wielding a +0 heavy trident
              (13 damage)
             ... on level 3 of the Dungeon.
             The game lasted 00:03:53 (1501 turns).

Meow the Conjurer (Naga Conjurer)                   Turns: 1501, Time: 00:03:53

Health: -11/36     AC:  3    Str: 10    XL:     4   Next: 50%
Magic:  1/8        EV:  9    Int: 20    God:
Gold:   88         SH:  0    Dex:  9    Spells: 6/9 levels left

rFire   . . .        a - +0 mace
rCold   . . .        (no shield)
rNeg    . . .        i - +0 robe
rPois   +            d - +0 helmet
rElec   .            (no cloak)
rCorr   .            (no gloves)
SInv    +            (no barding)
Will    .....        (no amulet)
Stlth   ++           (no ring)
HPRegen 0.26/turn    (no ring)
MPRegen 0.11/turn

%: no passive effects
@: short of breath, very slow
A: AC +1, large, see invisible, deformed body, poison resistance, slowness 2,
spit poison 1, naga tail 1
a: Spit Poison


You were on level 3 of the Dungeon.
You visited 1 branch of the dungeon, and saw 3 of its levels.

You collected 88 gold pieces.

Inventory:

Hand Weapons
 a - a +0 mace (weapon)
Missiles
 e - 17 stones
 j - 4 poisoned darts
Armour
 d - a +0 helmet (worn)
 i - a +0 robe (worn)
Scrolls
 c - a scroll of fear {unknown}
 f - a scroll of enchant weapon
 g - a scroll of amnesia
 h - 2 scrolls of poison {unknown}
 k - 3 scrolls of immolation {unknown}
 m - 3 scrolls of identify
 n - a scroll of fog {unknown}
Potions
 l - a potion of enlightenment {unknown}
 o - a potion of resistance {unknown}
 p - a potion of mutation {unknown}


   Skills:
 - Level 1.5 Dodging
 - Level 3.0 Stealth
 + Level 3.3 Spellcasting
 + Level 5.0 Conjurations


You had 6 spell levels left.
You knew the following spells:

 Your Spells              Type           Power      Damage    Failure   Level
a - Magic Dart            Conj           92%        1d7       1%          1
b - Searing Ray           Conj           46%        2d6       2%          2

Your spell library contained the following spells:

 Spells                   Type           Power      Damage    Failure   Level
 Foxfire                  Conj/Fire      52%        2x1d6     4%          1
 Necrotise                Necr           12%        1d4       14%         1
 Summon Small Mammal      Summ           12%        N/A       14%         1
 Call Canine Familiar     Summ           3%         N/A       38%         3
 Summon Guardian Golem    Hex/Summ       3%         N/A       38%         3
 Vampiric Draining        Necr           3%         2d6       38%         3
 Fulminant Prism          Conj/Alch      6%         3d7       45%         4
 Iskenderun's Mystic Bla  Conj/Tloc      13%        2d5       45%         4
 Agony                    Necr           3%         N/A       98%         5
 Plasma Beam              Fire/Air       1%         2x1d11    100%        6
 Starburst                Conj/Fire      6%         6d4       100%        6


Dungeon Overview and Level Annotations

Branches:
Dungeon (2/15)

Altars:

Shops:
D:1 :

Annotations:
D:2 Natasha


Innate Abilities, Weirdness & Mutations

Your serpentine skin is tough. (AC +1)
You have supernaturally acute eyesight. (SInv)
Armour fits poorly on your strangely shaped body.
Your system is resistant to poisons. (rPois)
You cover ground very slowly.
You can spit poison.
You have a snake-like lower body.


Message History

You finish channelling your searing ray.
The gnoll sergeant hits you from afar with a +0 heavy trident!
Casting: Searing Ray (safe; 2% risk of failure)
Confirm with . or Enter, or press ? or * to list all spells.
Aiming: Searing Ray (safe; 2% risk of failure)
Press: ? - help, Shift-Dir - straight line, f - gnoll, p - gnoll sergeant
Aim: a gnoll, wielding a +0 halberd (moderately wounded, 81% to hit)
The searing ray hits the gnoll sergeant but does no damage.
The gnoll sergeant is heavily wounded.
The searing ray hits the gnoll.
The gnoll is severely wounded. (Press . to maintain the ray.)
Your magical contamination has completely faded away.
The searing ray hits the gnoll sergeant.
The gnoll sergeant is severely wounded.
The searing ray hits the gnoll.
You kill the gnoll!
The gnoll sergeant hits you from afar with a +0 heavy trident!
* * * LOW HITPOINT WARNING * * *
Your Conjurations skill increases to level 5!
The searing ray hits the gnoll sergeant.
The gnoll sergeant is severely wounded.
The gnoll sergeant barely misses you.
Without enough magic to sustain it, your searing ray dissipates.
Aiming: Spit Poison (1% risk of failure)
Press: ? - help, Shift-Dir - straight line, f - gnoll sergeant
Aim: a gnoll sergeant, wielding a +0 heavy trident, wearing a +0 ring mail and wearing a +0 buckler (severely wounded, 70% to hit)
The splash of poison hits the gnoll sergeant but does no damage.
The gnoll sergeant is poisoned.
The gnoll sergeant is severely wounded.
The gnoll sergeant hits you from afar with a +0 heavy trident.
* * * LOW HITPOINT WARNING * * *
You aren't carrying any items that you can evoke.
The gnoll sergeant closely misses you.
Things that are here:
a +0 whip; 7 stones; a gnoll corpse You hit the gnoll sergeant but do no damage.
The gnoll sergeant is almost dead.
The gnoll sergeant hits you with a +0 heavy trident!
You die...

#.##.# #.# ####
.######.##.## #.#
......[.....####.#
#######..........#
####..###### #..#
#..# #####..####
........@g)#
######..##.# #..#
# #... ##.. ###
### .....# ......


You could see a gnoll sergeant (poisoned).

Vanquished Creatures
  2 adders
  4 gnolls
  An orc (D:3)
  3 endoplasms
  2 giant cockroaches
  A goblin (D:3)
  3 hobgoblins (D:1)
  2 quokkas (D:1)
  3 ball pythons (D:1)
  4 bats (D:1)
  3 frilled lizards
  A kobold (D:1)
  3 rats
32 creatures vanquished.

Notes
Turn   | Place    | Note
-------+----------+-------------------------------------------
     0 | D:1      | Meow the Naga Conjurer began the quest for the Orb.
     0 | D:1      | Reached XP level 1. HP: 15/15 MP: 3/3
   191 | D:1      | Reached XP level 2. HP: 22/22 MP: 1/5
   194 | D:1      | Learned a level 2 spell: Searing Ray
   560 | D:1      | Reached XP level 3. HP: 28/28 MP: 2/6
   745 | D:1      | Found Heyluemm's Book Shoppe.
   830 | D:1      | Found a faded altar of an unknown god.
   975 | D:2      | Noticed Natasha
  1231 | D:2      | You fall into a shaft and drop 1 floor!
  1486 | D:3      | Reached XP level 4. HP: 33/36 MP: 4/8
  1490 | D:3      | Noticed a gnoll sergeant
  1497 | D:3      | Reached skill level 5 in Conjurations
  1499 | D:3      | HP: 1/36 [gnoll sergeant/+0 heavy trident (6)]
  1501 | D:3      | Mangled by a gnoll sergeant

Illustrated notes

Levels and vault maps discovered:
D:1:      tarquinn_simple_flora_water_f, layout_basic, serial_shops, shop,
          basic_ecumenical_altar, feat_on_display
D:2:      layout_loops_ring, hangedman_decor_clover_reticule, uniq_natasha
D:3:      layout_loops_ring, uniq_crazy_yiuf_cottage

Skill      XL: |  1  2  3  4 |
---------------+-------------+-----
Spellcasting   | 3 |  3.3
Conjurations   | 5 |  5.0
Dodging        | |  1.5
Stealth        | |  3.0

Action                     |  1- 3 |  4- 6 || total
---------------------------+-------+-------++-------
  Melee: Mace              |       |     1 ||     1
   Cast: Magic Dart        |    21 |       ||    21
         Searing Ray       |     7 |     2 ||     9
Ability: Spit Poison       |    16 |     2 ||    18
    Use: Scroll            |     2 |       ||     2
         Potion            |       |     1 ||     1
 Armour: Robe              |     2 |     6 ||     8
  Dodge: Dodged            |       |     4 ||     4

Table legend: (Time is in decaauts)
 A = Elapsed time spent in this place.
 B = Non-inter-level travel time spent in this place.
 C = Inter-level travel time spent in this place.
 D = Time resting spent in this place.
 E = Time spent auto-exploring this place.
 F = Levels seen in this place.
 G = Mean time per level.
                   A        B        C        D        E       F      G
               +--------+--------+--------+--------+--------+-----+--------+
         Total |   1892 |   1763 |    129 |    395 |   1072 |   3 |  630.7 |
       Dungeon |   1892 |   1763 |    129 |    395 |   1072 |   3 |  630.7 |
               +--------+--------+--------+--------+--------+-----+--------+

Top non-repeatable levels by time:
     D:1: 1174 daAuts
     D:2: 372 daAuts
     D:3: 345 daAuts
